 Dungeon Crawl Stone Soup version 0.30-b1-2-g02819fbbbe (webtiles) character file.

Game seed: 2975924949161843717

365 Alarkh the Insei (level 6, 44/49 HPs)
             Began as a Demonspawn Chaos Knight on May 21, 2023.
             Was a Plaything of Xom.
             Got out of the dungeon alive.
             The game lasted 00:03:00 (1569 turns).

Alarkh the Insei (Demonspawn Chaos Knight)          Turns: 1569, Time: 00:03:01

Health: 44/49      AC:  6    Str: 12    XL:     6   Next: 40%
Magic:  6/6        EV: 12    Int: 16    God:    Xom [..*...]
Gold:   83         SH:  4    Dex: 12    Spells: 5/5 levels left

rFire   + .          .
                       - Unarmed
rCold   + . .        (no shield)
rNeg    . . .        a - +2 leather armour
rPois   +            (no helmet)
rElec   +            i - +0 cloak
rCorr   +            (no gloves)
SInv    .            (no boots)
Will    .....        d - amulet of guardian spirit
Stlth   +            k - ring of poison resistance
HPRegen 0.28/turn    (no ring)
MPRegen 0.10/turn

%: guardian spirit
@: resistant
A: powered by pain 1, condensation shield, demonic touch 1
a: Renounce Religion


You escaped.
You worshipped Xom.
You were a toy of Xom.
You visited 1 branch of the dungeon, and saw 3 of its levels.

You collected 83 gold pieces.

Inventory:

Armour
 a - a +2 leather armour (worn)
 i - a +0 cloak (worn)
Jewellery
 c - an amulet of magic regeneration
 d - an amulet of guardian spirit (around neck)
 k - a ring of poison resistance (left hand)
 q - a ring of protection from cold
Wands
 o - a wand of flame (12)
Scrolls
 g - a scroll of identify {unknown}
 h - a scroll of teleportation {unknown}
 j - a scroll of poison {unknown}
Potions
 e - a potion of lignification {unknown}
 m - a potion of attraction {unknown}
 n - a potion of brilliance {unknown}
 p - a potion of heal wounds
Miscellaneous
 b - a piece from Xom's chessboard (15/15) (quivered)


   Skills:
 + Level 4.3 Fighting
 - Level 1.7 Armour
 + Level 3.0 Dodging
 * Level 5.1 Unarmed Combat


You had 5 spell levels left.
You didn't know any spells.
Your spell library contained the following spells:

 Spells                   Type           Power      Damage    Failure   Level
 Call Canine Familiar     Summ           0%         N/A       67%         3
 Portal Projectile        Hex/Tloc       0%         N/A       67%         3
 Leda's Liquefaction      Hex/Erth       0%         N/A       97%         4


Dungeon Overview and Level Annotations

Branches:
Dungeon (3/15)

Altars:

Annotations:
D:3 1 runed translucent door, Crazy Yiuf


Innate Abilities, Weirdness & Mutations

You sometimes gain a little power by taking damage.
A meltable shield of frost defends you. (SH +4)
Your touch may inflict minor irresistible damage on your foes.


Message History

Sigmund is almost dead.
You closely miss Sigmund.
Sigmund is almost dead.
Sigmund points at you and mumbles some strange words.
You are confused.
You are too confused!
You are too confused!
You are too confused!
Sigmund mumbles some strange words.
Sigmund flickers and vanishes!
Deactivating autopickup; reactivate with Ctrl-A.
You're too confused to move!
Something hits you!
You barely miss something. You hit something. Your touch misses something.
Something hits you but does no damage.
You bump into the rock wall.
You feel less confused.
You hit something.
Reactivating autopickup.
You feel a bit more experienced.
Your piece from Xom's chessboard (15/15) has regained one charge.
Your Dodging skill increases to level 3!
Your Unarmed Combat skill increases to level 5!
You have reached level 6!
Things that are here:
a +0 scythe; a +0 robe
(D) Dungeon
Where to? (Enter - D:2, ? - help) Sorry, I don't know how to get there.
Unknown command.
There is an escape hatch in the ceiling here.
A mysterious force pulls you upwards. The hatch slams shut behind you.
(D) Dungeon
Where to? (Enter - D:1, ? - help)
Okay, then.
There is a fountain of clear blue water here.
There is a staircase leading out of the dungeon here.
Are you sure you want to leave the Dungeon?
This will make you lose the game!
Magic restored.
You have escaped!

#.###.#......##.#.'....# #......#
#.....#......##.###....###.####.#
#########.#####...+.............#
# #..#####..##....###.###### #
#................##.#...# #
#...##♣♣♣.♣♣♣##...#)##..# # #...#
♣⌠♣ #.........# #
#...♣♣♣♣♣.♣♣♣♣♣....####.# ###
#......⌠.@.⌠.....######.# ..###
#...♣♣♣♣♣.♣♣♣♣♣..#......# #...#
#...# ♣⌠♣ #..#.###### ....#
#...##♣♣♣.♣♣♣##..#.# ##..#
#................#.#
##..####.........########.#
........#........########.#
#######...>...............#
#.......##........#########


There were no monsters in sight!

Vanquished Creatures
  Sigmund (D:2)
  Terence (D:3)
  Ijyb (D:3)
  Robin (D:2)
  3 gnolls (D:3)
  2 adders
  A worm (D:3)
  A dart slug (D:3)
  5 endoplasms
  4 giant cockroaches
  6 hobgoblins
  A kobold (D:1)
  2 quokkas
  5 ball pythons
  5 bats
  A frilled lizard (D:1)
  14 goblins
  7 rats
61 creatures vanquished.

Vanquished Creatures (collateral kills)
  An iguana (D:3)
  A gnoll (D:3)
2 creatures vanquished.

Grand Total: 63 creatures vanquished

Notes
Turn   | Place    | Note
-------+----------+-------------------------------------------
     0 | D:1      | Alarkh the Demonspawn Chaos Knight began the quest for the
                  | Orb.
     0 | D:1      | Reached XP level 1. HP: 18/18 MP: 1/1
   124 | D:1      | Reached skill level 1 in Dodging
   220 | D:1      | Reached skill level 3 in Unarmed Combat
   220 | D:1      | Gained mutation: Your touch may inflict minor irresistible
                  | damage on your foes. [demonic ancestry]
   220 | D:1      | Reached XP level 2. HP: 24/24 MP: 2/2
   294 | D:1      | XOM: potion effect (might)
   714 | D:2      | XOM: silly message
   719 | D:2      | Reached XP level 3. HP: 29/29 MP: 3/3
   731 | D:2      | Noticed Robin
   740 | D:2      | XOM: divination: magic mapping
   745 | D:2      | XOM: divination: magic mapping
   754 | D:2      | Killed Robin
   855 | D:2      | You fall into a shaft and drop 1 floor!
   918 | D:3      | XOM: silly message
   934 | D:3      | Noticed Terence
   944 | D:3      | Killed Terence
   945 | D:3      | Gained mutation: You sometimes gain a little power by
                  | taking damage. [demonic ancestry]
   945 | D:3      | Reached XP level 4. HP: 31/35 MP: 4/4
  1032 | D:3      | XOM: noise
  1173 | D:3      | Noticed Ijyb
  1189 | D:3      | Killed Ijyb
  1190 | D:3      | Reached skill level 4 in Unarmed Combat
  1314 | D:3      | Gained mutation: A meltable shield of frost defends you.
                  | (SH +4) [demonic ancestry]
  1314 | D:3      | Reached XP level 5. HP: 35/42 MP: 5/5
  1315 | D:3      | XOM: summons 5 friendly demons
  1374 | D:3      | XOM: god gift: scroll labelled DIXORR NECW {god gift}
  1435 | D:3      | Found a runed translucent door.
  1438 | D:3      | Noticed Crazy Yiuf
  1532 | D:2      | Noticed Sigmund
  1549 | D:2      | Killed Sigmund
  1550 | D:2      | Reached skill level 5 in Unarmed Combat
  1550 | D:2      | Reached XP level 6. HP: 39/49 MP: 4/6
  1569 | D:$      | Got out of the dungeon alive.

Illustrated notes

Levels and vault maps discovered:
D:1:      scummos_arrival_forest, layout_basic
D:2:      minmay_wonky_spiral, layout_basic, ebering_ecumenical_altar_webs,
          uniq_sigmund, uniq_robin
D:3:      layout_basic, minmay_between, uniq_crazy_yiuf_cottage, uniq_terence,
          uniq_ijyb

Skill      XL: |  1  2  3  4  5 |
---------------+----------------+-----
Dodging        | 1 2 3 |  3.0
Unarmed Combat | 3 4 5 |  5.1
Fighting       | 4 |  4.3
Armour         | |  1.7

Action                     |  1- 3 |  4- 6 || total
---------------------------+-------+-------++-------
  Melee: Unarmed           |   106 |    62 ||   168
         Touch             |    16 |    10 ||    26
         Punch             |     1 |     1 ||     2
  Evoke: Piece from Xom's  |     4 |     1 ||     5
    Use: Potion            |       |     3 ||     3
         Scroll            |       |     1 ||     1
 Armour: Leather armour    |    32 |    43 ||    75
  Dodge: Dodged            |    51 |    66 ||   117
  Block: Other             |       |     2 ||     2
